Map: Void Launch

Players

NamroodTuo

  • Race: Zerg Zerg

Алексей

  • Race: Terran Terran

VOD

Have the link to the VOD?

Description

Time

  • Played on: Dec. 26, 2022, 1:14 p.m.
  • Length: 25:35
Show
View Real Time Build Order
Export as new Build Order

NamroodTuo Zerg 

Build Orders:  

Get SALT Encoding   

  12  0:03  Infested SCV  
  13  0:12  Infested SCV  
  14  0:25  Overlord  
  14  0:43  Infested Barracks  
  14  0:49  Infested SCV  
  15  0:55  Infested SCV  
  16  1:26  Infested SCV  
  16  1:27  Infested SCV x2  
  19  1:33  Infested Engineering Bay  
  19  1:39  Infested SCV  
  20  1:54  Infested SCV  
  21  2:16  Infestation Level 1  
  21  2:24  Infested SCV  
  21  2:27  Overlord  
  22  2:45  Infested Refinery  
  22  2:48  Infested Refinery  
  22  2:53  Infested SCV  
  22  2:57  Infested SCV  
  24  3:03  Infested Marine  
  24  3:04  Infested Marine  
  24  3:07  Infested Marine  
  24  3:08  Infested Marine  
  24  3:09  Infested Marine  
  29  3:16  Infested SCV  
  30  3:37  Infested SCV  
  31  3:46  Overlord  
  31  4:06  Infested Command Center  
  35  4:35  Infested Barracks, Infested Bunker  
  35  4:39  Infested Barracks Tech Lab  
  33  4:47  Infested SCV  
  33  4:48  Infested SCV  
  32  4:52  Infested SCV  
  33  5:23  Regenerative Plating  
  33  5:53  Infested Marine x5  
  33  5:54  Infested Marine  
  43  6:12  Infested Bunker  
  43  6:13  Infested SCV x2  
  43  6:14  Infested SCV x2  
  47  6:27  Infestation Level 2  
  47  6:52  Infested Marine  
  47  6:53  Infested Marine x6  
  47  6:58  Overlord x2  
  47  6:59  Overlord  
  54  7:03  Overlord  
  54  7:08  Overlord  
  48  7:42  Infested Marine  
  48  7:43  Infested Marine x21  
  70  8:14  Infested Missile Turret  
  70  8:23  Infested Marine  
  70  8:24  Infested Marine x6  
  70  8:25  Infested Marine x3  
  70  8:27  Infested SCV  
  70  8:28  Infested SCV x4  
  78  8:56  Infested Factory  
  78  9:05  Infested Missile Turret  
  78  9:14  Infested Marine  
  78  9:15  Infested Marine x6  
  63  9:37  Unknown  
  63  9:45  Infested Marine  
  63  9:46  Infested Marine x14  
  63  9:47  Infested Marine x3  
  76  10:00  Infested Missile Turret  
  76  10:06  Stukov Infantry Weapons Level 1  
  71  10:12  Infested Armory  
  71  10:21  Infested Missile Turret  
  70  10:56  Infested Marine x3  
  70  10:57  Infested Marine x26  
  70  10:58  Infested Marine  
  76  11:50  Infested Marine x2  
  76  11:51  Infested Marine x12  
  76  11:58  Infestation Level 3  
  90  12:06  Infested Barracks  
  90  12:19  Infested Barracks  
  90  12:23  Infested Barracks  
  90  12:28  Infested Barracks  
  90  12:30  Retinal Augmentation  
  90  12:34  Infested Marine x4  
  90  12:35  Infested Marine  
  65  12:46  Stukov Infantry Armor Level 1  
  69  13:23  Infested Bunker  
  69  13:29  Infested Bunker  
  59  13:49  Infested Marine x4  
  63  13:50  Infested Marine x25  
  63  13:51  Infested Marine  
  84  14:41  Infested Missile Turret  
  88  14:58  Infested Bunker  
  92  15:08  Infested Bunker  
  92  15:09  Infested Marine x2  
  94  15:15  Overlord  
  94  15:16  Overlord x9  
  94  15:26  Calcified Armor  
  64  15:57  Infested Missile Turret  
  64  16:05  Infested Marine  
  64  16:06  Infested Marine x17  
  82  16:26  Stukov Infantry Weapons Level 2  
  82  16:27  Infested Missile Turret  
  82  16:49  Infested Marine x6  
  86  16:50  Infested Marine x14, Infested Missile Turret  
  100  17:03  Infested Marine  
  100  17:04  Infested Marine x13  
  108  17:45  Infested Marine  
  108  17:46  Infested Marine x10  
  101  17:57  Aggressive Incubation  
  88  18:39  Infested Missile Turret  
  74  18:49  Infested Missile Turret  
  82  18:53  Infested Marine  
  82  18:54  Infested Marine x14  
  82  18:55  Infested Marine x24  
  82  18:56  Infested Marine x13  
  134  19:08  Infested Missile Turret  
  134  19:18  Infested Bunker  
  123  19:36  Stukov Infantry Armor Level 2  
  123  19:37  Infested Marine x10  
  123  19:38  Infested Marine x7, Infested Missile Turret  
  140  19:43  Infested SCV x4  
  140  19:44  Infested SCV  
  140  19:49  Overlord x4  
  125  20:06  Infested Bunker  
  125  20:08  Infested Missile Turret  
  114  20:34  Infested Marine  
  114  20:35  Infested Marine x8  
  114  20:36  Infested Marine x22  
  114  20:37  Infested Marine, Infested Bunker  
  125  20:56  Infested Bunker  
  119  21:08  Infested Marine x3  
  119  21:09  Infested Marine x22  
  133  21:33  Infested Missile Turret  
  133  21:41  Infested Refinery  
  133  21:45  Infested Refinery  
  133  21:46  Infested SCV x5  
  133  21:47  Infested Missile Turret  
  137  21:53  Infested Marine  
  137  21:54  Infested Marine x15  
  97  22:53  Infested Missile Turret  
  97  22:56  Infested Bunker  
  101  23:01  Infested Missile Turret  
  105  23:16  Infested Marine  
  105  23:17  Infested Marine x13  
  103  23:30  Infested Bunker  
  103  23:37  Infested Marine  
  103  23:38  Infested Marine x19  
  103  23:39  Infested Marine  
  124  23:44  Infested Marine  
  124  23:45  Infested Marine x15  
  124  23:46  Infested Marine x24  
  124  23:47  Infested Marine x23  
  187  24:02  Infested Missile Turret  
  173  25:08  Infested Marine x2  
  173  25:09  Infested Marine x24  
  199  25:10  Infested Marine  
Show
View Real Time Build Order
Export as new Build Order

Алексей Terran 

Build Orders:  

Get SALT Encoding   

  12  0:05  SCV  
  13  0:22  SCV  
  14  0:39  SCV  
  15  0:55  SCV  
  16  1:00  Refinery  
  16  1:12  SCV  
  17  1:29  SCV  
  18  1:35  Refinery  
  18  1:46  SCV  
  19  2:03  SCV  
  20  2:12  Fixers Safehouse  
  20  2:20  SCV  
  21  2:37  SCV  
  22  2:43  Engineering Bay  
  22  2:54  SCV  
  23  3:01  Tychus  
  23  3:11  SCV  
  24  3:21  Engineering Bay  
  24  3:28  SCV  
  25  3:45  SCV  
  26  4:02  SCV  
  26  4:06  Command Center  
  27  4:19  SCV  
  28  4:36  SCV  
  29  4:48  Lt Layna Nikara  
  39  4:53  SCV  
  32  5:10  SCV  
  41  5:20  Refinery  
  41  5:26  SCV  
  42  5:43  SCV  
  43  6:00  SCV  
  43  6:03  Refinery  
  43  6:05  SCV  
  45  6:17  SCV  
  46  6:22  SCV  
  47  6:34  SCV  
  47  6:39  SCV  
  49  6:51  SCV  
  49  6:56  SCV  
  51  7:04  Nux  
  61  7:13  SCV  
  61  7:18  Muscle Armory  
  62  7:51  Gunslingers Hideout  
  62  7:57  SCV  
  63  8:14  SCV  
  64  8:20  SCV  
  64  8:23  Medivac Platform  
  65  8:30  Outlaw Weapons Level 1, Outlaw Life and Armor Level 1  
  65  8:31  SCV  
  65  8:37  SCV  
  65  8:39  Kel-Morian Ripper Rounds  
  67  8:48  SCV  
  68  8:54  SCV  
  69  9:05  SCV  
  70  9:11  SCV  
  71  10:30  Flashforce GDM Visor  
  71  11:01  Outlaw Weapons Level 2  
  71  11:04  Kev Rattlesnake West  
  81  11:13  Vanadium Shell, KD9a Implosion Core  
  81  11:17  Secret Stash Stimpack  
  81  12:00  Outlaw Life and Armor Level 2  
  81  12:10  Moebius Aggression Blend, Umojan Signal Modulator  
  81  12:55  Crystalline Amplifiers  
  81  14:24  T4 Cloudburst Shells, Ultrasonic Boosters  
  81  15:23  Crooked Sam  
  91  16:29  Outlaw Weapons Level 3  
  91  16:30  Outlaw Life and Armor Level 3  
  91  16:31  Procyon Shade Suit  
  91  16:32  Moebius Restraint Matrix  
  91  17:28  Procyon Serum, Procyon Twin Heal Beam Gauntlet  
  91  18:04  Umojan Repair Nanites  
  91  20:18  LarsCorp G7 Charges  
Tags
 
Commander
StukovTychus
Matchup
Co-op
Replay Pack
Multiplayer
Add a new tag
Caveats
  • Supply blocks, unpowered buildings, or Contaminate may cause inaccurate times.
  • Supply counts are checked every 10 seconds.